Lightning vs Stars

Created - November 25, 2016 at 18:05

Goals
1 2 3 T
Lightning 1 1 0 2
Stars 1 1 1 3
Shots
1 2 3 T
Lightning 12 5 4 21
Stars 10 15 14 39

1st period

1. Lightning , Radim Vrbata 2 (Eric Fehr, Teddy Purcell) at 1:14
2. Stars , Ryan Callahan 6 (Duncan Keith, Zdeno Chara) at 16:54

Penalties :
Sidney Crosby (DAL) for Hooking (Minor) at 1:36, Christian Ehrhoff (TBL) for Boarding (Minor) at 18:47

2nd period

3. Lightning , Johnny Gaudreau 13 (Henrik Sedin, Kevin Klein) at 10:37
4. Stars , Ryan Callahan 7 (Jonathan Huberdeau, Patrik Elias) at 13:46

Penalties :
Zdeno Chara (DAL) for Tripping (Minor) at 4:45, Christian Ehrhoff (TBL) for Slashing (Minor) at 19:33

3rd period

5. Stars , Nikita Kucherov 8 (Evgeni Malkin, Kris Letang) at 16:45

Penalties :
Radim Vrbata (TBL) for Hooking (Minor) at 7:28

Goalie Stats

Jaroslav Halak (TBL), 36 saves from 39 shots - (0.923), L, 5-8-2, 59:00 minutes
Jonathan Quick (DAL), 19 saves from 21 shots - (0.905), W, 12-8-0, 60:00 minutes

Players Stats for Lightning

Player Name              G  A  P  +/- PIM S  H  SB GA TA FO     MP     PP MP  PK MP  
------------------------------------------------------------------------------------
Andre Benoit             0  0  0  -1  0   0  3  0  0  0  0/0    19:23   2:09   0:40 
Andrej Sekera            0  0  0  -1  0   0  0  1  0  0  0/0    23:45   1:49   4:38 
Brad Hunt                0  0  0   1  0   1  0  1  0  0  0/0    15:50   0:00   0:00 
Christian Ehrhoff        0  0  0   1  4   0  3  0  0  0  0/0    16:27   0:00   0:39 
David Schlemko           0  0  0  -1  0   0  3  2  0  0  0/0    21:57   2:09   2:51 
Eric Fehr                0  1  1   1  0   1  1  0  0  0  8/19   14:19   0:00   1:13 
Henrik Sedin             0  1  1   0  0   1  0  0  0  0  8/18   20:28   1:47   0:00 
Johnny Gaudreau          1  0  1   0  0   1  0  0  0  0  1/3    19:57   1:16   0:00 
Kevin Klein              0  1  1  -1  0   1  2  0  0  0  0/0    22:36   1:49   3:06 
Maxime Talbot            0  0  0   0  0   0  0  0  0  0  0/0     0:00   0:00   0:00 
Nick Spaling             0  0  0   0  0   0  0  0  0  0  1/1     3:52   0:00   0:06 
Patric Hornqvist         0  0  0   0  0   3  4  0  0  0  1/1    22:39   1:16   0:00 
Radim Vrbata             1  0  1   1  2   1  1  0  0  0  0/2    13:05   0:00   0:00 
Teddy Purcell            0  1  1   1  0   2  1  0  0  0  0/1    15:48   2:42   0:00 
Tobias Rieder            0  0  0   0  0   1  1  0  0  0  3/5     7:41   2:42   1:13 
Tomas Fleischmann        0  0  0  -2  0   3  0  0  0  0  1/2    19:10   0:00   4:38 
Travis Zajac             0  0  0  -2  0   5  0  0  0  0  14/28  21:27   2:11   4:44 
Troy Brouwer             0  0  0  -2  0   1  1  0  0  0  2/3    15:36   0:00   0:00 

Players Stats for Stars

Player Name              G  A  P  +/- PIM S  H  SB GA TA FO     MP     PP MP  PK MP  
------------------------------------------------------------------------------------
Adam Pardy               0  0  0  -1  0   0  0  3  0  0  0/0    14:37   0:00   0:55 
Brad Malone              0  0  0  -1  0   5  0  1  0  0  0/3    16:17   0:00   1:03 
Brandon Manning          0  0  0   0  0   0  0  0  0  0  0/0     0:00   0:00   0:00 
Clayton Stoner           0  0  0   0  0   0  0  0  0  0  0/0     0:51   0:00   0:51 
Cody McLeod              0  0  0  -1  0   0  1  1  0  0  2/2    15:33   0:00   0:00 
Duncan Keith             0  1  1   0  0   0  0  2  0  0  0/0    24:14   2:54   1:43 
Evgeni Malkin            0  1  1   0  0   4  3  0  0  0  1/1    21:50   3:21   0:00 
John Mitchell            0  0  0  -1  0   4  0  0  0  0  12/20  16:40   0:00   1:48 
Jonathan Huberdeau       0  1  1   2  0   6  0  0  0  0  1/2    21:08   2:36   1:48 
Kris Letang              0  1  1   2  0   1  2  0  0  0  0/0    21:00   2:54   1:20 
Mark Stuart              0  0  0  -1  0   0  0  1  0  0  0/0    14:37   0:00   0:55 
Nikita Kucherov          1  0  1   0  0   8  2  0  0  0  1/1    19:31   3:21   0:00 
Olli Maatta              0  0  0   2  0   2  0  0  0  0  0/0    19:56   3:03   1:20 
Patrik Elias             0  1  1   2  0   1  0  0  0  0  6/21   18:37   2:36   0:00 
Rob Scuderi              0  0  0   0  0   0  0  0  0  0  0/0     0:00   0:00   0:00 
Ryan Callahan            2  0  2   2  0   3  4  0  0  0  0/2    23:08   2:36   2:10 
Sidney Crosby            0  0  0   0  2   4  0  0  0  0  21/31  23:17   3:21   1:07 
Zdeno Chara              0  1  1   0  2   1  2  1  0  0  0/0    24:44   3:03   0:52 

3 Stars

1 - Ryan Callahan (DAL)
2 - Kris Letang (DAL)
3 - Nikita Kucherov (DAL)

Power Play

Lightning - 0 on 2 Attempt(s) - 0.00%
Stars - 0 on 3 Attempt(s) - 0.00%

Penalty Kill

Lightning - 3 on 3 Attempt(s) - 100.00% - Score 0 goal in Penalty Kill
Stars - 2 on 2 Attempt(s) - 100.00% - Score 0 goal in Penalty Kill

Team Stat

Lightning - Hits : 20 - Faceoff Wins : 39 - Blocked Shots : 4 - Penalty Minutes : 6
Stars - Hits : 14 - Faceoff Wins : 44 - Blocked Shots : 9 - Penalty Minutes : 4

Official

Referees : Kevin Pollock and Kyle Rehman
Linesman : Shane Heyer and Michel Cormier

Game Notes

No Game Note

Finance

Level 1 -- Attendance: 2792 (46.53%) -- Ticket Income $614,240
Level 2 -- Attendance: 2097 (41.94%) -- Ticket Income $335,520
Level 3 -- Attendance: 1284 (64.20%) -- Ticket Income $166,920
Level 4 -- Attendance: 891 (19.66%) -- Ticket Income $89,100
Luxury Box -- Attendance: 439 (43.90%) -- Ticket Income $175,600
Game was played at the American Airlines Center.
Total Attendance: 7503 (40.49%)
Total Ticket Income: $1,381,380
Other Income: $207,207
Total Income: $1,588,587

% Time on Ice - Lightning

Lines # - Real PCT - Wanted PCT - Time Play
Normal Forward
1 - 37% - 40% - 18:18
2 - 29% - 30% - 14:32
3 - 26% - 20% - 13:06
4 - 8% - 10% - 3:46
Normal Defense
1 - 32% - 40% - 16:09
2 - 33% - 30% - 16:34
3 - 32% - 20% - 15:50
4 - 2% - 10% - 1:09
PP Forward
1 - 32% - 60% - 1:16
2 - 68% - 40% - 2:42
PP Defense
1 - 46% - 60% - 1:49
2 - 54% - 40% - 2:09
PK Forward
1 - 80% - 60% - 4:44
2 - 20% - 40% - 1:13
PK Defense
1 - 52% - 60% - 3:06
2 - 48% - 40% - 2:51
PK3 Forward
1 - 0% - 60%
2 - 0% - 40%
PK3 Defense
1 - 0% - 60%
2 - 0% - 40%
44 Forward
1 - 0% - 60%
2 - 0% - 40%
44 Defense
1 - 0% - 60%
2 - 0% - 40%
Last Minute Offensive  - 0:23
Last Minute Defensive  - 0:00
Total
Forward - 60:00
Defense - 60:00

% Time on Ice - Stars

Lines # - Real PCT - Wanted PCT - Time Play
Normal Forward
1 - 33% - 35% - 16:10
2 - 32% - 35% - 16:01
3 - 30% - 20% - 14:52
4 - 5% - 10% - 2:19
Normal Defense
1 - 36% - 40% - 17:56
2 - 31% - 35% - 15:33
3 - 28% - 15% - 13:42
4 - 4% - 10% - 2:11
PP Forward
1 - 56% - 60% - 3:21
2 - 44% - 40% - 2:36
PP Defense
1 - 49% - 50% - 2:54
2 - 51% - 50% - 3:03
PK Forward
1 - 55% - 50% - 2:10
2 - 45% - 50% - 1:48
PK Defense
1 - 66% - 50% - 2:38
2 - 34% - 50% - 1:20
PK3 Forward
1 - 0% - 50%
2 - 0% - 50%
PK3 Defense
1 - 0% - 50%
2 - 0% - 50%
44 Forward
1 - 0% - 60%
2 - 0% - 40%
44 Defense
1 - 0% - 60%
2 - 0% - 40%
Last Minute Offensive  - 0:00
Last Minute Defensive  - 0:43
Total
Forward - 60:00
Defense - 60:00

Play by Play

1st period


0:01 of 1st period - Sidney Crosby wins face-off versus Henrik Sedin in neutral zone.
0:04 of 1st period - Shot by Evgeni Malkin.
0:04 of 1st period - Shot Misses the Net.
0:06 of 1st period - Shot by Zdeno Chara.
0:06 of 1st period - Shot Misses the Net.
0:08 of 1st period - Shot by Evgeni Malkin.
0:08 of 1st period - Shot Misses the Net.
0:18 of 1st period - Shot by Evgeni Malkin.
0:18 of 1st period - Stopped by Jaroslav Halak without a rebound.
0:19 of 1st period - Travis Zajac wins face-off versus Ryan Callahan in Lightning zone.
0:50 of 1st period - Shot by Troy Brouwer.
0:50 of 1st period - Stopped by Jonathan Quick without a rebound.
0:51 of 1st period - Eric Fehr wins face-off versus Brad Malone in Stars zone.
1:08 of 1st period - Shot by Teddy Purcell.
1:08 of 1st period - Stopped by Jonathan Quick with a rebound.
1:10 of 1st period - Shot by Teddy Purcell.
1:10 of 1st period - Shot Misses the Net.
1:12 of 1st period - Shot by Eric Fehr.
1:12 of 1st period - Stopped by Jonathan Quick with a rebound.
1:14 of 1st period - Shot by Radim Vrbata.
1:14 of 1st period - Goal by Radim Vrbata - Lightning : 1 - Stars : 0.
1:15 of 1st period - Henrik Sedin wins face-off versus Sidney Crosby in neutral zone.
1:36 of 1st period - Minor Penalty to Sidney Crosby for Hooking.
1:37 of 1st period - John Mitchell wins face-off versus Travis Zajac in Stars zone.
1:50 of 1st period - Shot by Travis Zajac.
1:50 of 1st period - Stopped by Jonathan Quick without a rebound.
1:51 of 1st period - John Mitchell wins face-off versus Henrik Sedin in Stars zone.
2:23 of 1st period - Shot by Kevin Klein.
2:23 of 1st period - Stopped by Jonathan Quick without a rebound.
2:24 of 1st period - Travis Zajac wins face-off versus Jonathan Huberdeau in Stars zone.
2:25 of 1st period - Shot by Tobias Rieder.
2:25 of 1st period - Stopped by Jonathan Quick without a rebound.
2:26 of 1st period - Tobias Rieder wins face-off versus John Mitchell in Stars zone.
2:30 of 1st period - Travis Zajac is hit by Zdeno Chara and loses puck.
2:57 of 1st period - Shot by Ryan Callahan.
2:57 of 1st period - Shot Blocked by David Schlemko.
3:17 of 1st period - Duncan Keith is hit by Tobias Rieder and loses puck.
3:43 of 1st period - Shot by Johnny Gaudreau.
3:43 of 1st period - Shot Misses the Net.
3:59 of 1st period - Shot by Johnny Gaudreau.
3:59 of 1st period - Deflect By Patric Hornqvist.
3:59 of 1st period - Stopped by Jonathan Quick without a rebound.
4:00 of 1st period - Henrik Sedin wins face-off versus Patrik Elias in Stars zone.
4:27 of 1st period - Shot by Henrik Sedin.
4:27 of 1st period - Stopped by Jonathan Quick without a rebound.
4:28 of 1st period - Travis Zajac wins face-off versus John Mitchell in Stars zone.
4:28 of 1st period - Troy Brouwer is hit by Kris Letang and loses puck.
4:42 of 1st period - Shot by Tomas Fleischmann.
4:42 of 1st period - Stopped by Jonathan Quick without a rebound.
4:43 of 1st period - Sidney Crosby wins face-off versus Eric Fehr in Stars zone.
5:11 of 1st period - Shot by Nikita Kucherov.
5:11 of 1st period - Stopped by Jaroslav Halak without a rebound.
5:12 of 1st period - Henrik Sedin wins face-off versus Patrik Elias in Lightning zone.
6:29 of 1st period - Shot by Nikita Kucherov.
6:29 of 1st period - Stopped by Jaroslav Halak without a rebound.
6:30 of 1st period - John Mitchell wins face-off versus Eric Fehr in Lightning zone.
6:41 of 1st period - Shot by John Mitchell.
6:41 of 1st period - Stopped by Jaroslav Halak without a rebound.
6:42 of 1st period - Sidney Crosby wins face-off versus Troy Brouwer in Lightning zone.
7:04 of 1st period - Troy Brouwer is hit by Zdeno Chara and loses puck.
7:20 of 1st period - Shot by Tomas Fleischmann.
7:20 of 1st period - Shot Misses the Net.
8:16 of 1st period - Shot by Tobias Rieder.
8:16 of 1st period - Shot Misses the Net.
9:03 of 1st period - Ryan Callahan is hit by David Schlemko.
9:34 of 1st period - Evgeni Malkin is hit by Andre Benoit and loses puck.
9:49 of 1st period - Shot by Nikita Kucherov.
9:49 of 1st period - Stopped by Jaroslav Halak without a rebound.
9:50 of 1st period - John Mitchell wins face-off versus Eric Fehr in Lightning zone.
9:57 of 1st period - Shot by John Mitchell.
9:57 of 1st period - Shot Hit the Post.
10:31 of 1st period - Icing by Adam Pardy.
10:32 of 1st period - John Mitchell wins face-off versus Travis Zajac in Stars zone.
13:01 of 1st period - Sidney Crosby is hit by Christian Ehrhoff.
13:28 of 1st period - Shot by Eric Fehr.
13:28 of 1st period - Shot Misses the Net.
13:30 of 1st period - Shot by Brad Hunt.
13:30 of 1st period - Stopped by Jonathan Quick without a rebound.
13:31 of 1st period - Patrik Elias wins face-off versus Henrik Sedin in Stars zone.
13:44 of 1st period - Shot by Ryan Callahan.
13:44 of 1st period - Shot Misses the Net.
13:48 of 1st period - Shot by Jonathan Huberdeau.
13:48 of 1st period - Stopped by Jaroslav Halak without a rebound.
13:49 of 1st period - John Mitchell wins face-off versus Tobias Rieder in Lightning zone.
13:49 of 1st period - Duncan Keith is hit by Christian Ehrhoff and loses puck.
14:00 of 1st period - Shot by Brad Malone.
14:00 of 1st period - Stopped by Jaroslav Halak without a rebound.
14:01 of 1st period - Eric Fehr wins face-off versus Sidney Crosby in Lightning zone.
14:03 of 1st period - Icing by Teddy Purcell.
14:04 of 1st period - Sidney Crosby wins face-off versus Eric Fehr in Lightning zone.
14:07 of 1st period - Shot by Nikita Kucherov.
14:07 of 1st period - Stopped by Jaroslav Halak without a rebound.
14:08 of 1st period - Johnny Gaudreau wins face-off versus Sidney Crosby in Lightning zone.
14:39 of 1st period - Icing by Zdeno Chara.
14:40 of 1st period - Sidney Crosby wins face-off versus Radim Vrbata in Stars zone.
14:40 of 1st period - Sidney Crosby is hit by Eric Fehr.
14:48 of 1st period - Teddy Purcell is hit by Evgeni Malkin and loses puck.
14:52 of 1st period - Christian Ehrhoff is hit by Evgeni Malkin.
15:01 of 1st period - Shot by Teddy Purcell.
15:01 of 1st period - Shot Blocked by Zdeno Chara.
15:18 of 1st period - Icing by Christian Ehrhoff.
15:19 of 1st period - Eric Fehr wins face-off versus Patrik Elias in Lightning zone.
15:19 of 1st period - Teddy Purcell is hit by Ryan Callahan and loses puck.
15:34 of 1st period - Shot by Jonathan Huberdeau.
15:34 of 1st period - Stopped by Jaroslav Halak without a rebound.
15:35 of 1st period - John Mitchell wins face-off versus Henrik Sedin in Lightning zone.
15:44 of 1st period - Shot by Brad Malone.
15:44 of 1st period - Shot Misses the Net.
16:54 of 1st period - Shot by Ryan Callahan.
16:54 of 1st period - Goal by Ryan Callahan - Lightning : 1 - Stars : 1.
16:55 of 1st period - Sidney Crosby wins face-off versus Radim Vrbata in neutral zone.
17:33 of 1st period - Off-side.
17:34 of 1st period - Henrik Sedin wins face-off versus Patrik Elias in neutral zone.
17:59 of 1st period - Off-side.
18:00 of 1st period - Travis Zajac wins face-off versus John Mitchell in neutral zone.
18:08 of 1st period - Shot by Troy Brouwer.
18:08 of 1st period - Shot Blocked by Adam Pardy.
18:12 of 1st period - Shot by Tomas Fleischmann.
18:12 of 1st period - Deflect By Travis Zajac.
18:12 of 1st period - Stopped by Jonathan Quick without a rebound.
18:13 of 1st period - Sidney Crosby wins face-off versus Henrik Sedin in Stars zone.
18:13 of 1st period - Sidney Crosby is hit by Patric Hornqvist.
18:46 of 1st period - Shot by Sidney Crosby.
18:46 of 1st period - Shot Blocked by Brad Hunt.
18:47 of 1st period - Minor Penalty to Christian Ehrhoff for Boarding.
18:48 of 1st period - Patrik Elias wins face-off versus Travis Zajac in Lightning zone.
19:02 of 1st period - Icing by Kris Letang.
19:03 of 1st period - Travis Zajac wins face-off versus Patrik Elias in Stars zone.
19:22 of 1st period - Shot by Kris Letang.
19:22 of 1st period - Shot Misses the Net.
Goals for this period are 1 for Lightning vs 1 for Stars.
Shots for this period are 12 for Lightning vs 10 for Stars.

2nd period


0:01 of 2nd period - Sidney Crosby wins face-off versus Travis Zajac in neutral zone.
0:04 of 2nd period - Shot by Evgeni Malkin.
0:04 of 2nd period - Shot Misses the Net.
0:45 of 2nd period - Shot by Nikita Kucherov.
0:45 of 2nd period - Shot Misses the Net.
1:27 of 2nd period - Shot by Ryan Callahan.
1:27 of 2nd period - Deflect By Patrik Elias.
1:27 of 2nd period - Stopped by Jaroslav Halak without a rebound.
1:28 of 2nd period - John Mitchell wins face-off versus Teddy Purcell in Lightning zone.
1:33 of 2nd period - Shot by Brad Malone.
1:33 of 2nd period - Shot Misses the Net.
1:35 of 2nd period - Shot by Brad Malone.
1:35 of 2nd period - Stopped by Jaroslav Halak with a rebound.
1:37 of 2nd period - Shot by Zdeno Chara.
1:37 of 2nd period - Shot Blocked by David Schlemko.
1:39 of 2nd period - Shot by John Mitchell.
1:39 of 2nd period - Stopped by Jaroslav Halak with a rebound.
1:41 of 2nd period - Shot by John Mitchell.
1:41 of 2nd period - Stopped by Jaroslav Halak without a rebound.
1:42 of 2nd period - Nikita Kucherov wins face-off versus Tomas Fleischmann in Lightning zone.
1:57 of 2nd period - Shot by Evgeni Malkin.
1:57 of 2nd period - Shot Misses the Net.
1:59 of 2nd period - Shot by Evgeni Malkin.
1:59 of 2nd period - Deflect By Nikita Kucherov.
1:59 of 2nd period - Stopped by Jaroslav Halak without a rebound.
2:00 of 2nd period - Henrik Sedin wins face-off versus Patrik Elias in Lightning zone.
2:43 of 2nd period - Shot by Jonathan Huberdeau.
2:43 of 2nd period - Stopped by Jaroslav Halak without a rebound.
2:44 of 2nd period - Sidney Crosby wins face-off versus Travis Zajac in Lightning zone.
2:50 of 2nd period - Icing by Travis Zajac.
2:51 of 2nd period - Sidney Crosby wins face-off versus Travis Zajac in Lightning zone.
3:02 of 2nd period - Nikita Kucherov is hit by Troy Brouwer and loses puck.
3:07 of 2nd period - Shot by Tomas Fleischmann.
3:07 of 2nd period - Stopped by Jonathan Quick without a rebound.
3:08 of 2nd period - Eric Fehr wins face-off versus John Mitchell in Stars zone.
3:14 of 2nd period - Off-side.
3:15 of 2nd period - Sidney Crosby wins face-off versus Johnny Gaudreau in neutral zone.
3:33 of 2nd period - Icing by Olli Maatta.
3:34 of 2nd period - Sidney Crosby wins face-off versus Travis Zajac in Stars zone.
4:12 of 2nd period - Tomas Fleischmann is hit by Evgeni Malkin.
4:45 of 2nd period - Minor Penalty to Zdeno Chara for Tripping.
4:46 of 2nd period - John Mitchell wins face-off versus Travis Zajac in Stars zone.
4:46 of 2nd period - John Mitchell is hit by Kevin Klein.
5:54 of 2nd period - Shot by Patric Hornqvist.
5:54 of 2nd period - Shot Misses the Net.
6:39 of 2nd period - Kris Letang is hit by Teddy Purcell and loses puck.
8:15 of 2nd period - Icing by Olli Maatta.
8:16 of 2nd period - Tobias Rieder wins face-off versus Brad Malone in Stars zone.
8:22 of 2nd period - Shot by Kevin Klein.
8:22 of 2nd period - Shot Misses the Net.
8:24 of 2nd period - Shot by Patric Hornqvist.
8:24 of 2nd period - Stopped by Jonathan Quick without a rebound.
8:25 of 2nd period - Sidney Crosby wins face-off versus Henrik Sedin in Stars zone.
8:25 of 2nd period - Sidney Crosby is hit by Patric Hornqvist.
9:20 of 2nd period - Icing by Jonathan Huberdeau.
9:21 of 2nd period - Travis Zajac wins face-off versus Patrik Elias in Stars zone.
9:51 of 2nd period - Shot by Kris Letang.
9:51 of 2nd period - Stopped by Jaroslav Halak without a rebound.
9:52 of 2nd period - John Mitchell wins face-off versus Eric Fehr in Lightning zone.
10:05 of 2nd period - Shot by Cody McLeod.
10:05 of 2nd period - Deflect By Brad Malone.
10:05 of 2nd period - Shot Misses the Net.
10:07 of 2nd period - Shot by Brad Malone.
10:07 of 2nd period - Stopped by Jaroslav Halak without a rebound.
10:08 of 2nd period - Evgeni Malkin wins face-off versus Tobias Rieder in Lightning zone.
10:11 of 2nd period - Shot by Sidney Crosby.
10:11 of 2nd period - Stopped by Jaroslav Halak without a rebound.
10:12 of 2nd period - Henrik Sedin wins face-off versus Sidney Crosby in Lightning zone.
10:37 of 2nd period - Shot by Johnny Gaudreau.
10:37 of 2nd period - Goal by Johnny Gaudreau - Lightning : 2 - Stars : 1.
10:38 of 2nd period - Eric Fehr wins face-off versus Patrik Elias in neutral zone.
10:46 of 2nd period - Teddy Purcell is hit by Ryan Callahan and loses puck.
12:34 of 2nd period - Johnny Gaudreau is hit by Cody McLeod and loses puck.
12:41 of 2nd period - Shot by Johnny Gaudreau.
12:41 of 2nd period - Shot Misses the Net.
12:45 of 2nd period - Shot by Johnny Gaudreau.
12:45 of 2nd period - Shot Blocked by Adam Pardy.
13:46 of 2nd period - Shot by Ryan Callahan.
13:46 of 2nd period - Goal by Ryan Callahan - Lightning : 2 - Stars : 2.
13:47 of 2nd period - Sidney Crosby wins face-off versus Travis Zajac in neutral zone.
14:02 of 2nd period - Shot by Zdeno Chara.
14:02 of 2nd period - Deflect By Nikita Kucherov.
14:02 of 2nd period - Shot Misses the Net.
14:19 of 2nd period - Shot by Zdeno Chara.
14:19 of 2nd period - Stopped by Jaroslav Halak with a rebound.
14:21 of 2nd period - Shot by Sidney Crosby.
14:21 of 2nd period - Stopped by Jaroslav Halak without a rebound.
14:22 of 2nd period - Tobias Rieder wins face-off versus Patrik Elias in Lightning zone.
14:26 of 2nd period - Troy Brouwer is hit by Kris Letang and loses puck.
16:03 of 2nd period - Zdeno Chara is hit by Radim Vrbata and loses puck.
16:36 of 2nd period - Shot by Sidney Crosby.
16:36 of 2nd period - Shot Misses the Net.
16:39 of 2nd period - Icing by Andrej Sekera.
16:40 of 2nd period - Patrik Elias wins face-off versus Johnny Gaudreau in Lightning zone.
16:45 of 2nd period - Shot by Patrik Elias.
16:45 of 2nd period - Deflect By Jonathan Huberdeau.
16:45 of 2nd period - Stopped by Jaroslav Halak without a rebound.
16:46 of 2nd period - Travis Zajac wins face-off versus Patrik Elias in Lightning zone.
16:46 of 2nd period - Travis Zajac is hit by Ryan Callahan.
16:56 of 2nd period - Shot by Travis Zajac.
16:56 of 2nd period - Stopped by Jonathan Quick without a rebound.
16:57 of 2nd period - Travis Zajac wins face-off versus John Mitchell in Stars zone.
17:06 of 2nd period - Shot by Troy Brouwer.
17:06 of 2nd period - Shot Blocked by Cody McLeod.
17:08 of 2nd period - Shot by Travis Zajac.
17:08 of 2nd period - Shot Blocked by Brad Malone.
17:10 of 2nd period - Shot by Travis Zajac.
17:10 of 2nd period - Shot Misses the Net.
17:23 of 2nd period - Icing by Zdeno Chara.
17:24 of 2nd period - John Mitchell wins face-off versus Henrik Sedin in Stars zone.
17:28 of 2nd period - Off-side.
17:29 of 2nd period - Henrik Sedin wins face-off versus Ryan Callahan in neutral zone.
17:51 of 2nd period - Off-side.
17:52 of 2nd period - Sidney Crosby wins face-off versus Travis Zajac in neutral zone.
18:03 of 2nd period - Shot by Evgeni Malkin.
18:03 of 2nd period - Stopped by Jaroslav Halak without a rebound.
18:04 of 2nd period - Patric Hornqvist wins face-off versus Patrik Elias in Lightning zone.
18:34 of 2nd period - Shot by Johnny Gaudreau.
18:34 of 2nd period - Shot Misses the Net.
19:24 of 2nd period - Shot by Sidney Crosby.
19:24 of 2nd period - Stopped by Jaroslav Halak without a rebound.
19:25 of 2nd period - Cody McLeod wins face-off versus Eric Fehr in Lightning zone.
19:33 of 2nd period - Minor Penalty to Christian Ehrhoff for Slashing.
19:34 of 2nd period - Travis Zajac wins face-off versus Sidney Crosby in Lightning zone.
19:53 of 2nd period - Shot by Travis Zajac.
19:53 of 2nd period - Shot Misses the Net.
19:55 of 2nd period - Shot by Tomas Fleischmann.
19:55 of 2nd period - Stopped by Jonathan Quick without a rebound.
19:56 of 2nd period - Patrik Elias wins face-off versus Travis Zajac in Stars zone.
Goals for this period are 1 for Lightning vs 1 for Stars.
Shots for this period are 5 for Lightning vs 15 for Stars.

3rd period


0:01 of 3rd period - Travis Zajac wins face-off versus Sidney Crosby in neutral zone.
0:10 of 3rd period - Shot by Zdeno Chara.
0:10 of 3rd period - Shot Blocked by Andrej Sekera.
0:12 of 3rd period - Shot by Olli Maatta.
0:12 of 3rd period - Stopped by Jaroslav Halak without a rebound.
0:13 of 3rd period - Travis Zajac wins face-off versus Patrik Elias in Lightning zone.
0:29 of 3rd period - Ryan Callahan is hit by David Schlemko and loses puck.
0:54 of 3rd period - Tobias Rieder is hit by Ryan Callahan and loses puck.
1:23 of 3rd period - Shot by Evgeni Malkin.
1:23 of 3rd period - Shot Misses the Net.
1:25 of 3rd period - Shot by Olli Maatta.
1:25 of 3rd period - Stopped by Jaroslav Halak without a rebound.
1:26 of 3rd period - Sidney Crosby wins face-off versus Travis Zajac in Lightning zone.
2:39 of 3rd period - Shot by Evgeni Malkin.
2:39 of 3rd period - Stopped by Jaroslav Halak without a rebound.
2:40 of 3rd period - Eric Fehr wins face-off versus Patrik Elias in Lightning zone.
2:51 of 3rd period - Shot by Jonathan Huberdeau.
2:51 of 3rd period - Stopped by Jaroslav Halak without a rebound.
2:52 of 3rd period - Troy Brouwer wins face-off versus Sidney Crosby in Lightning zone.
2:54 of 3rd period - Icing by Travis Zajac.
2:55 of 3rd period - Travis Zajac wins face-off versus Sidney Crosby in Lightning zone.
3:02 of 3rd period - Shot by Travis Zajac.
3:02 of 3rd period - Shot Misses the Net.
3:04 of 3rd period - Shot by Travis Zajac.
3:04 of 3rd period - Stopped by Jonathan Quick with a rebound.
3:06 of 3rd period - Shot by Travis Zajac.
3:06 of 3rd period - Shot Misses the Net.
3:08 of 3rd period - Shot by Travis Zajac.
3:08 of 3rd period - Shot Blocked by Duncan Keith.
3:12 of 3rd period - Shot by Travis Zajac.
3:12 of 3rd period - Shot Misses the Net.
3:21 of 3rd period - Shot by Travis Zajac.
3:21 of 3rd period - Stopped by Jonathan Quick with a rebound.
3:23 of 3rd period - Shot by Tomas Fleischmann.
3:23 of 3rd period - Shot Misses the Net.
3:25 of 3rd period - Shot by David Schlemko.
3:25 of 3rd period - Shot Hit the Post.
3:49 of 3rd period - Icing by Travis Zajac.
3:50 of 3rd period - John Mitchell wins face-off versus Travis Zajac in Lightning zone.
3:53 of 3rd period - Shot by Brad Malone.
3:53 of 3rd period - Stopped by Jaroslav Halak without a rebound.
3:54 of 3rd period - Henrik Sedin wins face-off versus Brad Malone in Lightning zone.
4:25 of 3rd period - Shot by Patric Hornqvist.
4:25 of 3rd period - Stopped by Jonathan Quick without a rebound.
4:26 of 3rd period - Sidney Crosby wins face-off versus Eric Fehr in Stars zone.
4:46 of 3rd period - Icing by Christian Ehrhoff.
4:47 of 3rd period - Jonathan Huberdeau wins face-off versus Eric Fehr in Lightning zone.
4:51 of 3rd period - Ryan Callahan is hit by Christian Ehrhoff and loses puck.
5:08 of 3rd period - Shot by Teddy Purcell.
5:08 of 3rd period - Stopped by Jonathan Quick without a rebound.
5:09 of 3rd period - Sidney Crosby wins face-off versus Henrik Sedin in Stars zone.
5:09 of 3rd period - Sidney Crosby is hit by Patric Hornqvist.
6:31 of 3rd period - Shot by Jonathan Huberdeau.
6:31 of 3rd period - Stopped by Jaroslav Halak without a rebound.
6:32 of 3rd period - Eric Fehr wins face-off versus John Mitchell in Lightning zone.
6:43 of 3rd period - Shot by Brad Hunt.
6:43 of 3rd period - Shot Blocked by Mark Stuart.
7:28 of 3rd period - Minor Penalty to Radim Vrbata for Hooking.
7:29 of 3rd period - Sidney Crosby wins face-off versus Travis Zajac in Lightning zone.
7:50 of 3rd period - Shot by Sidney Crosby.
7:50 of 3rd period - Stopped by Jaroslav Halak without a rebound.
7:51 of 3rd period - Travis Zajac wins face-off versus Patrik Elias in Lightning zone.
9:00 of 3rd period - Shot by Nikita Kucherov.
9:00 of 3rd period - Stopped by Jaroslav Halak with a rebound.
9:02 of 3rd period - Shot by Nikita Kucherov.
9:02 of 3rd period - Stopped by Jaroslav Halak without a rebound.
9:03 of 3rd period - Sidney Crosby wins face-off versus Eric Fehr in Lightning zone.
9:06 of 3rd period - Shot by Nikita Kucherov.
9:06 of 3rd period - Shot Misses the Net.
9:16 of 3rd period - Eric Fehr is hit by Nikita Kucherov.
12:00 of 3rd period - Icing by Kris Letang.
12:01 of 3rd period - Sidney Crosby wins face-off versus Henrik Sedin in Stars zone.
12:32 of 3rd period - Nikita Kucherov is hit by Patric Hornqvist and loses puck.
12:40 of 3rd period - Nikita Kucherov is hit by David Schlemko and loses puck.
13:28 of 3rd period - Shot by Brad Malone.
13:28 of 3rd period - Stopped by Jaroslav Halak without a rebound.
13:29 of 3rd period - Tomas Fleischmann wins face-off versus Patrik Elias in Lightning zone.
13:49 of 3rd period - Icing by Adam Pardy.
13:50 of 3rd period - Patrik Elias wins face-off versus Eric Fehr in Stars zone.
14:19 of 3rd period - Shot by Ryan Callahan.
14:19 of 3rd period - Stopped by Jaroslav Halak without a rebound.
14:20 of 3rd period - Troy Brouwer wins face-off versus Sidney Crosby in Lightning zone.
14:46 of 3rd period - Nikita Kucherov is hit by Kevin Klein and loses puck.
14:55 of 3rd period - Shot by Evgeni Malkin.
14:55 of 3rd period - Stopped by Jaroslav Halak without a rebound.
14:56 of 3rd period - Eric Fehr wins face-off versus John Mitchell in Lightning zone.
15:15 of 3rd period - Shot by John Mitchell.
15:15 of 3rd period - Shot Misses the Net.
15:17 of 3rd period - Shot by John Mitchell.
15:17 of 3rd period - Stopped by Jaroslav Halak without a rebound.
15:18 of 3rd period - Patrik Elias wins face-off versus Henrik Sedin in Lightning zone.
15:18 of 3rd period - Zdeno Chara is hit by Andre Benoit and loses puck.
15:37 of 3rd period - Shot by Johnny Gaudreau.
15:37 of 3rd period - Shot Misses the Net.
15:48 of 3rd period - Jonathan Huberdeau is hit by Andre Benoit and loses puck.
16:28 of 3rd period - Icing by Kevin Klein.
16:29 of 3rd period - Travis Zajac wins face-off versus Sidney Crosby in Lightning zone.
16:29 of 3rd period - Travis Zajac is hit by Nikita Kucherov.
16:43 of 3rd period - Shot by Evgeni Malkin.
16:43 of 3rd period - Shot Misses the Net.
16:45 of 3rd period - Shot by Nikita Kucherov.
16:45 of 3rd period - Goal by Nikita Kucherov - Lightning : 2 - Stars : 3.
16:46 of 3rd period - Cody McLeod wins face-off versus Eric Fehr in neutral zone.
18:35 of 3rd period - Shot by Johnny Gaudreau.
18:35 of 3rd period - Deflect By Patric Hornqvist.
18:35 of 3rd period - Shot Misses the Net.
18:37 of 3rd period - Shot by Johnny Gaudreau.
18:37 of 3rd period - Shot Misses the Net.
18:39 of 3rd period - Shot by David Schlemko.
18:39 of 3rd period - Shot Blocked by Adam Pardy.
18:58 of 3rd period - Icing by Mark Stuart.
18:59 of 3rd period - Nick Spaling wins face-off versus John Mitchell in Stars zone.
19:00 of 3rd period - Lightning, Jaroslav Halak is pulled from the net.
19:57 of 3rd period - Shot by Kevin Klein.
19:57 of 3rd period - Deflect By Johnny Gaudreau.
19:57 of 3rd period - Shot Blocked by Duncan Keith.
Goals for this period are 0 for Lightning vs 1 for Stars.
Shots for this period are 4 for Lightning vs 14 for Stars.